 Dungeon Crawl Stone Soup version 0.25.1-8-g42b30a86e7 (webtiles) character file.

Game seed: 266860160428808043

4387 gruber the Cutter (level 10, -24/66 HPs)
             Began as an Octopode Transmuter on Dec 14, 2020.
             Annihilated by a two-headed ogre
             ... wielding a +0 giant spiked club
              (29 damage)
             ... on level 11 of the Dungeon.
             The game lasted 00:11:45 (12873 turns).

gruber the Cutter (Octopode Transmuter)            Turns: 12873, Time: 00:11:45

Health: -24/66     AC:  1    Str: 10    XL:     10   Next: 35%
Magic:  0/19       EV: 15    Int: 18    God:
Gold:   737        SH:  0    Dex: 13    Spells: 11/21 levels left

rFire    + . .     SeeInvis +   v - +9 rapier of an ice cave {flame, rN++}
rCold    . . .     Gourm    .   (no shield)
rNeg     + + .     Faith    .   (helmet restricted)
rPois    .         Spirit   +   p - amulet of guardian spirit
rElec    .         Reflect  .   e - ring of protection from fire
rCorr    +         Harm     .   i - ring of resist corrosion
MR       .....                  y - ring of see invisible
Stlth    ++........             D - ring of wizardry (curse)
HPRegen  0.21/turn              (no ring)
MPRegen  0.16/turn              (no ring)
                                (no ring)
                                (no ring)

@: no status effects
A: almost no armour, stealthy swim, amphibious, 8 rings, constrict 8, camouflage
1, gelatinous body 1
a: no special abilities


You were on level 11 of the Dungeon.
You were hungry.

You visited 1 branch of the dungeon, and saw 11 of its levels.

You collected 737 gold pieces.

Inventory:

Hand Weapons
 v - the +9 rapier of an ice cave (weapon) {flame, rN++}
   (You found it on level 7 of the Dungeon)

   It has been specially enchanted to burn those struck by it, causing extra
   injury to most foes and up to half again as much damage against particularly
   susceptible opponents.
   It greatly protects you from negative energy.
Missiles
 a - 104 arrows
 f - 42 poisoned darts (quivered)
Jewellery
 e - a ring of protection from fire (left tentacle)
 i - a ring of resist corrosion (right tentacle)
 p - an amulet of guardian spirit (around mantle)
 y - a ring of see invisible (on tentacle)
 C - an uncursed amulet of faith {unknown}
 D - a cursed ring of wizardry (on tentacle)
Wands
 l - a wand of iceblast (36)
 u - a wand of enslavement (17)
 w - a wand of random effects (4)
 H - a wand of acid (7)
Scrolls
 b - 4 scrolls of remove curse {unknown}
 d - 9 scrolls of identify
 h - 2 scrolls of fog {unknown}
 n - a scroll of blinking {unknown}
 r - 5 scrolls of teleportation {unknown}
 t - a scroll of magic mapping {unknown}
 z - a scroll of random uselessness {unknown}
 A - 2 scrolls of amnesia {unknown}
 F - a scroll of immolation {unknown}
 G - a scroll of enchant weapon {unknown}
Potions
 g - a potion of mutation {unknown}
 j - 3 potions of curing {unknown}
 k - 3 potions of resistance {unknown}
 m - 2 potions of brilliance {unknown}
 o - a potion of degeneration {unknown}
 q - a potion of berserk rage {unknown}
 s - a potion of magic {unknown}
 x - 2 potions of flight {unknown}
 B - a potion of haste {unknown}
 E - a potion of cancellation {unknown}
 I - a potion of invisibility {unknown}
 J - a potion of might {unknown}
Miscellaneous
 K - a lightning rod (4/4)
Comestibles
 c - 19 rations


   Skills:
 - Level 5.1 Fighting
 * Level 7.1 Short Blades
 - Level 4.1 Dodging
 - Level 6.0 Unarmed Combat
 - Level 6.0 Spellcasting
 - Level 5.1 Transmutations
 - Level 5.1 Ice Magic
 - Level 3.0 Poison Magic


You had 11 spell levels left.
You knew the following spells:

 Your Spells              Type           Power        Failure   Level  Hunger
a - Beastly Appendage     Tmut           ###...       1%          1    None
b - Sticks to Snakes      Tmut           ###.....     1%          2    None
c - Spider Form           Tmut/Pois      ###.......   2%          3    ##.....
d - Ice Form              Ice/Tmut       ###.....     6%          4    ####...

Your spell library contained the following spells:

 Spells                   Type           Power        Failure   Level  Hunger
 Blade Hands              Tmut           ###.......   16%         5    #####..


Dungeon Overview and Level Annotations

Branches:
Dungeon (11/15)            Temple (0/1) D:7
   Lair: D:8-11         Orc: D:9-12

Altars:
Ashenzari
Dithmenos
Makhleb
Okawaru
Qazlal
Ru
Trog
The Shining One

Shops:
D:5 }%:*   D:7 [

Annotations:
D:9 Joseph


Innate Abilities, Weirdness & Mutations

You cannot wear most types of armour.
You are very stealthy in the water. (Stealth+)
You are amphibious.
You can wear up to eight rings at the same time.
You can use your tentacles to constrict eight enemies at once.
Your skin changes colour to match your surroundings (Stealth+).
Your rubbery body absorbs attacks. (AC +1, EV +1)


Message History

Aiming: Enslavement
Press: ? - help, Shift-Dir - straight line, f - two-headed ogre
Aim: a two-headed ogre, wielding a +0 giant spiked club and a -3 giant spiked club (chance to defeat MR: 28%)
The two-headed ogre easily resists.
The two-headed ogre barely misses you. x2
Unknown command.
Unknown command.
Evoke which item? (* to show all) (? for menu, Esc to quit)
Aiming: Enslavement
Press: ? - help, Shift-Dir - straight line, f/p - two-headed ogre
Aim: a two-headed ogre, wielding a +0 giant spiked club and a -3 giant spiked club (chance to defeat MR: 28%)
The two-headed ogre easily resists.
The two-headed ogre closely misses you. x2
Unknown command.
Unknown command.
Evoke which item? (* to show all) (? for menu, Esc to quit)
Aiming: Enslavement
Press: ? - help, Shift-Dir - straight line, f/p - two-headed ogre
Aim: a two-headed ogre, wielding a +0 giant spiked club and a -3 giant spiked club (chance to defeat MR: 28%)
The two-headed ogre easily resists.
The two-headed ogre hits you with a +0 giant spiked club!!
You die...

#. #..# #. #..# #.
#..# ##.##..#
...#..# #..#..#
#..#..#
###..#..####
#[....O@<..#
#....#..#.#..)#
.... #..#.......#
####.##..#.......#
.(.......#.....[.#
Y.......<###...###
####.##### #...#
#. ##.## #


You could see a two-headed ogre.

Vanquished Creatures
  2 unseen horrors
  A komodo dragon (D:10)
  A meliai zombie (D:10)
  A spriggan (D:8)
  An ice beast (D:8)
  A black bear (D:9)
  A phantom (D:6)
  6 ogres
  A centaur (D:10)
  A big kobold (D:6)
  4 bullfrogs
  A wyvern skeleton (D:11)
  3 scorpions
  A howler monkey (D:8)
  A centaur zombie (D:7)
  A crimson imp (D:6)
  4 orc priests
  8 hounds
  2 jellies
  4 orc wizards
  3 bullfrog skeletons
  An iguana (D:4)
  8 worker ants
  2 hound zombies (D:4)
  A hound skeleton (D:4)
  A howler monkey zombie (D:8)
  A worker ant zombie (D:4)
  5 adders
  10 gnolls
  A howler monkey skeleton (D:4)
  3 shadow imps
  2 adder zombies (D:4)
  2 oozes
  2 adder skeletons (D:4)
  5 worms
  4 dart slugs
  4 leopard geckos
  35 orcs
  2 ball pythons (D:3)
  12 bats
  5 giant cockroaches
  10 goblins
  10 hobgoblins
  16 jackals
  3 quokkas
  A ball python zombie (D:4)
  7 frilled lizards
  12 kobolds
  A leopard gecko zombie (D:4)
  7 rats
221 creatures vanquished.

Vanquished Creatures (collateral kills)
  A bullfrog skeleton (D:9)
  A worker ant (D:4)
2 creatures vanquished.

Vanquished Creatures (others)
  A fungus (D:9)
1 creature vanquished.

Grand Total: 224 creatures vanquished

Notes
Turn   | Place    | Note
-------+----------+-------------------------------------------
     0 | D:1      | gruber the Octopode Transmuter began the quest for the Orb.
     0 | D:1      | Reached XP level 1. HP: 13/13 MP: 3/3
   114 | D:1      | Reached XP level 2. HP: 18/18 MP: 5/5
   703 | D:1      | Reached XP level 3. HP: 22/23 MP: 6/6
  1740 | D:2      | Found a shattered altar of Ashenzari.
  1768 | D:2      | Found a sacrificial altar of Ru.
  1896 | D:2      | Reached XP level 4. HP: 28/28 MP: 7/7
  1941 | D:2      | Learned a level 2 spell: Sticks to Snakes
  1945 | D:2      | Learned a level 3 spell: Spider Form
  1970 | D:2      | Found an iron altar of Okawaru.
  2198 | D:2      | Reached skill level 5 in Unarmed Combat
  3011 | D:3      | Reached XP level 5. HP: 26/33 MP: 5/8
  3730 | D:3      | Reached skill level 1 in Poison Magic
  3917 | D:3      | Reached XP level 6. HP: 36/38 MP: 6/9
  4791 | D:4      | Found a burning altar of Makhleb.
  4791 | D:4      | Noticed a green death
  5504 | D:4      | Reached XP level 7. HP: 28/43 MP: 6/10
  5857 | D:5      | Entered Level 5 of the Dungeon
  6029 | D:5      | Found Jugojad's Gadget Boutique.
  6034 | D:5      | Reached skill level 5 in Transmutations
  6216 | D:5      | Found Adelax Hupe's Food Shop.
  6479 | D:5      | Found Cosm's Assorted Antiques.
  6547 | D:5      | Found Cizunuts's Book Shop.
  6963 | D:5      | Reached XP level 8. HP: 35/50 MP: 6/11
  7212 | D:5      | Found a glowing golden altar of the Shining One.
  7719 | D:6      | Found a stormy altar of Qazlal.
  7957 | D:6      | Learned a level 4 spell: Ice Form
  7987 | D:6      | Reached skill level 5 in Fighting
  8131 | D:6      | Found a bloodstained altar of Trog.
  8497 | D:6      | Found a shadowy altar of Dithmenos.
  8771 | D:6      | Reached XP level 9. HP: 38/61 MP: 6/12
  9038 | D:7      | Found a staircase to the Ecumenical Temple.
  9172 | D:7      | Reached skill level 5 in Ice Magic
  9390 | D:7      | Found Vudas's Armour Emporium.
  9411 | D:7      | Got a twisted rapier
  9412 | D:7      | Identified the +9 rapier of an ice cave {flame, rN++} (You
                  | found it on level 7 of the Dungeon)
  9440 | D:7      | You fall into a shaft and drop 3 floors!
  9440 | D:10     | Entered Level 10 of the Dungeon
  9440 | D:10     | Noticed a troll
 10036 | D:7      | Noticed an unseen horror
 10041 | D:7      | Killed an unseen horror
 10041 | D:7      | Reached skill level 5 in Spellcasting
 10911 | D:8      | Reached skill level 1 in Short Blades
 11145 | D:8      | Reached skill level 3 in Short Blades
 11559 | D:9      | Noticed a two-headed ogre
 11562 | D:9      | Noticed Joseph
 11770 | D:9      | Reached skill level 4 in Short Blades
 11917 | D:10     | Reached XP level 10. HP: 44/66 MP: 19/19
 12043 | D:10     | Reached skill level 5 in Short Blades
 12269 | D:10     | Noticed an unseen horror
 12491 | D:10     | Noticed a kobold demonologist
 12513 | D:10     | Killed an unseen horror
 12513 | D:10     | Reached skill level 6 in Short Blades
 12706 | D:10     | Noticed a smoke demon
 12751 | D:11     | Reached skill level 7 in Short Blades
 12861 | D:10     | Noticed a two-headed ogre
 12864 | D:11     | HP: 3/66 [two-headed ogre/+0 giant spiked club (19)]
 12873 | D:11     | Annihilated by a two-headed ogre

Illustrated notes

Levels and vault maps discovered:
D:1:      elethiomel_arrival_maze, layout_loops_ring, serial_forest,
          infiniplex_forest_straight_1, infiniplex_forest_straight_1,
          infiniplex_forest_clump_long, infiniplex_forest_straight_3,
          infiniplex_forest_lined_2, infiniplex_forest_clump_curved,
          infiniplex_forest_clump_curved, minmay_tetromino_i4
D:2:      layout_basic, ashenzari_altar_1, lemuel_doored_altar, okawaru_trees_2
D:3:      layout_loops_cross, kennysheep_generic_room_3
D:4:      layout_cave_pools, makhleb_altar_promises_db, first_ration,
          serial_undead, serial_undead_b, serial_undead_b, serial_undead_a,
          serial_undead_e, nicolae_ossuary_entry_ruins
D:5:      minmay_razor_zed, layout_basic, lemuel_round_altar, serial_shops,
          shop_fountains, shop_coins,
          nicolae_shop_temple_entry_statues_fountains, shop
D:6:      layout_gridville, bloody_trog, grunt_qazlal_sundering,
          grunt_dithmenos_shadows
D:7:      layout_loops_ring, minmay_temple_entry_purple_smoke, serial_shops,
          nicolae_shop_waterfront
D:8:      minmay_cornered_nines, layout_basic, the_bakery
D:9:      layout_cave_pools, nicolae_overflow_crystal_walls,
          grunt_lair_entry_orc_guard_hut, basic_altar, vehumet_altar_wand_db,
          uniq_joseph
D:10:     layout_cave_pods, uniq_grum
D:11:     minmay_twisted_water, layout_loops_ring

Skill      XL: |  1  2  3  4  5  6  7  8  9 10 |
---------------+-------------------------------+-----
Unarmed Combat | 4 5 6 |  6.0
Poison Magic   | 2 3 |  3.0
Transmutations | 4 5 |  5.1
Dodging        | 4 |  4.1
Fighting       | 5 |  5.1
Ice Magic      | 4 5 |  5.1
Spellcasting   | 6 |  6.0
Short Blades   | 4 7 |  7.1

Action                   |  1- 3 |  4- 6 |  7- 9 | 10-12 || total
-------------------------+-------+-------+-------+-------++-------
Melee: Unarmed           |    81 |   195 |   242 |       ||   518
       Tentacles         |    23 |    31 |    21 |     6 ||    81
       Constrict         |    19 |    38 |    38 |     5 ||   100
       Kick              |       |    12 |    18 |     4 ||    34
       Punch             |       |     6 |     5 |       ||    11
       Rapier            |       |       |    91 |    32 ||   123
Throw: Dart              |       |       |       |     4 ||     4
 Cast: Beastly Appendage |     2 |    12 |    11 |     3 ||    28
       Spider Form       |       |     4 |    23 |       ||    27
       Sticks to Snakes  |       |    12 |    11 |     8 ||    31
Evoke: Wand              |       |       |     1 |     4 ||     5
  Use: Scroll            |       |       |     1 |       ||     1
 Stab: Sleeping          |     5 |     9 |     9 |       ||    23
       Distracted        |       |     1 |       |       ||     1
  Eat: Chunk             |     3 |    13 |    23 |     3 ||    42
Armor: Skin              |    13 |    12 |    13 |     3 ||    41
Dodge: Dodged            |    76 |   126 |   240 |    48 ||   490
